 Dungeon Crawl Stone Soup version 0.30-a0-748-ge6a52f7cba (webtiles) character file.

Game seed: 7006131922223800224

170 Dittersdorf the Shield-Bearer (level 5, -8/33 HPs)
             Began as a Gargoyle Fighter on Feb 8, 2023.
             Killed by divine providence
             ... invoked by an orc priest
              (15 damage)
             ... on level 2 of the Dungeon.
             The game lasted 00:01:26 (1407 turns).

Dittersdorf the Shield-Bearer (Gargoyle Fighter)    Turns: 1407, Time: 00:01:27

Health: -8/33      AC: 14    Str: 22    XL:     5   Next: 50%
Magic:  5/5        EV:  9    Int:  8    God:
Gold:   47         SH:  4    Dex:  9    Spells: 4/4 levels left

rFire   . . .      SeeInvis .    a - +0 flail
rCold   . . .      Faith    .    c - +0 buckler
rNeg    + . .      Spirit   .    b - +0 scale mail
rPois   ∞          Reflect  .    (no helmet)
rElec   +          Harm     .    m - +2 cloak
rCorr   .          Rampage  .    (no gloves)
Will    .....                    (no boots) Stlth
                                 (no amulet)
HPRegen 0.25/turn                (no ring)
MPRegen 0.09/turn                (no ring)

@: no status effects
A: sickness immunity, AC +4, negative energy resistance 1, electricity
resistance, torment resistance 1, petrification resistance
a: no special abilities


You were on level 2 of the Dungeon.
You visited 1 branch of the dungeon, and saw 3 of its levels.

You collected 47 gold pieces.

Inventory:

Hand Weapons
 a - a +0 flail (weapon)
Armour
 b - a +0 scale mail (worn)
 c - a +0 buckler (worn)
 m - a +2 cloak (worn)
Scrolls
 e - a scroll of fog {unknown}
 g - a scroll of enchant armour {unknown}
 h - a scroll of teleportation {unknown}
 j - a scroll of blinking {unknown}
 n - a scroll of enchant weapon {unknown}
 o - a scroll of poison {unknown}
Potions
 d - a potion of might
 f - 3 potions of curing {unknown}
 i - a potion of ambrosia {unknown}
 k - a potion of berserk rage {unknown}
 l - a potion of heal wounds {unknown}


   Skills:
 + Level 4.3 Fighting
 + Level 3.2 Maces & Flails
 + Level 4.3 Armour
 + Level 4.3 Shields


You had 4 spell levels left.
You didn't know any spells.
Your spell library was empty.

Dungeon Overview and Level Annotations

Branches:
Dungeon (3/15)

Altars:
Dithmenos

Shops:
D:1 *


Innate Abilities, Weirdness & Mutations

You are immune to sickness and miasma.
Your stone body is resilient. (AC +4)
You are immune to poison.
You resist negative energy. (rN+)
You are resistant to electric shocks. (rElec)
You are resistant to unholy torment.
You are immune to petrification.


Message History

You kill the endoplasm!
No target in view!
No target in view!
No target in view!
No target in view!
No target in view!
No target in view!
No target in view!
No target in view!
No target in view!
No target in view!
No target in view!
No target in view!
No target in view!
No target in view!
No target in view!
You now have 47 gold pieces (gained 8).
An orc and an orc priest come into view.
The orc priest shouts!
You hear a shout! x2
An orc comes into view. It is wielding a +0 short sword.
The orc priest invokes the aid of Beogh against you.
Pain shoots through your body!
An orc comes into view. It is wielding a +0 flail.
Found a scroll labelled QIFEAKK JAUL.
Found a stone staircase leading up.
The orc priest invokes the aid of Beogh against you.
Beogh smites you!
You are too injured to fight recklessly!
You see here a scroll labelled QIFEAKK JAUL.
The orc attacks as you move away! The orc hits you but does no damage.
The orc priest attacks as you move away!
You block the orc priest's attack.
There is a stone staircase leading up here.
The orc priest invokes the aid of Beogh against you.
Beogh smites you!
* * * LOW HITPOINT WARNING * * *
You climb upwards.
There is a stone staircase leading down here.
The orc priest calls down the wrath of Beogh upon you.
Beogh smites you!
You die...

############
#..........#########
#..@>o..............
#...........#..#####
#......(....##....##
#...........#####...
#............# ####
#............## #
####.######...######
#########'###............
#..........##.....#######


You could see an orc priest.

Vanquished Creatures
  2 scorpions (D:2)
  An orc (D:2)
  6 endoplasms
  5 giant cockroaches
  7 goblins
  4 hobgoblins
  6 jackals (D:1)
  4 quokkas
  2 ball pythons
  3 bats
  A kobold (D:3)
  3 rats (D:1)
44 creatures vanquished.

Notes
Turn   | Place    | Note
-------+----------+-------------------------------------------
     0 | D:1      | Dittersdorf the Gargoyle Fighter began the quest for the
                  | Orb.
     0 | D:1      | Reached XP level 1. HP: 14/14 MP: 1/1
   124 | D:1      | Reached XP level 2. HP: 17/19 MP: 2/2
   264 | D:1      | Reached XP level 3. HP: 23/23 MP: 3/3
   266 | D:1      | Found a faded altar of an unknown god.
   387 | D:1      | Found Cinlo's General Store.
   986 | D:2      | Noticed a scorpion
   999 | D:2      | Killed a scorpion
  1000 | D:2      | Reached XP level 4. HP: 26/29 MP: 4/4
  1089 | D:2      | Noticed a scorpion
  1099 | D:2      | Killed a scorpion
  1100 | D:2      | Reached XP level 5. HP: 14/33 MP: 5/5
  1256 | D:2      | Found a shadowy altar of Dithmenos.
  1407 | D:2      | Killed from afar by an orc priest

Illustrated notes

Levels and vault maps discovered:
D:1:      saegor_arrival_simple_e, layout_loops_ring, serial_shops,
          nicolae_shop_behind_doors, chequers_ecumenical_altar_grove,
          kennysheep_nondescript
D:2:      layout_basic, basic_altar
D:3:      layout_loops_ring

Skill      XL: |  1  2  3  4 |
---------------+-------------+-----
Fighting       | 4 |  4.3
Armour         | 4 |  4.3
Shields        | 4 |  4.3
Maces & Flails | 3 |  3.2

Action                     |  1- 3 |  4- 6 || total
---------------------------+-------+-------++-------
  Melee: Flail             |   129 |    23 ||   152
 Armour: Scale mail        |    65 |    16 ||    81
  Dodge: Dodged            |    61 |    15 ||    76
  Block: Buckler           |    28 |     3 ||    31

Table legend: (Time is in decaauts)
 A = Elapsed time spent in this place.
 B = Non-inter-level travel time spent in this place.
 C = Inter-level travel time spent in this place.
 D = Time resting spent in this place.
 E = Time spent auto-exploring this place.
 F = Levels seen in this place.
 G = Mean time per level.
                   A        B        C        D        E       F      G
               +--------+--------+--------+--------+--------+-----+--------+
         Total |   1455 |   1374 |     81 |    108 |    942 |   3 |  485.0 |
       Dungeon |   1455 |   1374 |     81 |    108 |    942 |   3 |  485.0 |
               +--------+--------+--------+--------+--------+-----+--------+

Top non-repeatable levels by time:
     D:1: 832 daAuts
     D:2: 570 daAuts
     D:3: 53 daAuts
